 Dungeon Crawl Stone Soup version 0.31.0-9-g3a7656b989 (webtiles) character file.

Game seed: 974941993896455711

24 qw the Shooter (level 2, 0/14 HPs)
             Began as a Spriggan Hunter on Feb 2, 2024.
             Succumbed to their own poison gas
             ... on level 1 of the Dungeon.
             The game lasted 00:00:01 (415 turns).

qw the Shooter (Spriggan Hunter)                     Turns: 415, Time: 00:00:02

Health: 0/14       AC:  5    Str:  7    XL:     2   Next: 79%
Magic:  3/3        EV: 19    Int: 10    God:
Gold:   29         SH:  0    Dex: 18    Spells: 1/1 levels left

rFire   . . .        a - +0 shortbow (drain)
rCold   . . .        (shield currently unavailable)
rNeg    . . .        c - +0 robe
rPois   .            (helmet restricted)
rElec   .            g - +2 cloak
rCorr   .            (gloves unavailable)
SInv    +            (boots unavailable)
Will    .....        (no amulet)
Stlth   ++           (no ring)
HPRegen 0.22/turn    (no ring)
MPRegen 0.08/turn

%: no passive effects
@: lethally poisoned (0 -> -3), very quick
A: very small, no large weapons, unfitting armour, see invisible, speed 3
a: no special abilities


You were on level 1 of the Dungeon.
You visited 1 branch of the dungeon, and saw 1 of its levels.

You collected 29 gold pieces.


Innate Abilities, Weirdness & Mutations

You are very small and have problems with some larger weapons.
You are too small for most types of armour.
You have supernaturally acute eyesight. (SInv)
You cover ground extremely quickly. (Speed+++)


   Skills:
 - Level 1.5 Fighting
 + Level 4.3 Ranged Weapons
 - Level 4.0 Dodging
 - Level 1.5 Stealth


You had one spell level left.
You didn't know any spells.
Your spell library was empty.

Inventory:

Hand Weapons
 a - a +0 shortbow of draining (weapon)
Armour
 c - a +0 robe (worn)
 g - a +2 cloak (worn)
Scrolls
 i - 2 scrolls of enchant armour
Potions
 f - a potion of might
 j - a potion of brilliance {unknown}

Dungeon Overview and Level Annotations

Branches:
Dungeon (1/15)

Altars:


Message History

As you read the scroll labelled SAHAHU KUOCKAL, it dissolves into smoke.
It was a scroll of fog.
Done exploring.
405 ||| DROPPING scroll of butterflies.
You drop a scroll of butterflies.
Done exploring.
406 ||| DROPPING potion of lignification.
You drop a potion of lignification.
Done exploring.
What level of the Dungeon? (default 1, ? - help) Sorry, I don't know how to get there.
Enter note:
Enter note:
Enter note:
Enter note:
Enter note:
Enter note:
Enter note:
Enter note:
Enter note: You are engulfed in poison gas.
You are lethally poisoned!
You feel very sick.
408 ||| Stepping ~*~*~tactically~*~*~ (cloud).
You feel sick.
Things that are here:
a potion of lignification; a scroll of butterflies
There is a lethal amount of poison in your body!
You feel sick.
There is a lethal amount of poison in your body!
You feel very sick.
There is a lethal amount of poison in your body!
You feel sick.
There is a lethal amount of poison in your body!
You feel sick.
There is a lethal amount of poison in your body!
You feel sick.
There is a lethal amount of poison in your body!
You feel sick.
There is a lethal amount of poison in your body!
You die...

####### #..000#
#.0...#
################....0#
.........0.000##.....#
.############0..@..00#
.## ####.0.0.# ..##
#.0...# #..### #..0..#
##...## #0..%.# #####
###..###
#..######...## #
##...##### #.##
##.>...## ##
###.....####.#
###.......# #.
#####......#
#.........# #.


There were no monsters in sight!

Vanquished Creatures
  A bat (D:1)
  3 endoplasms (D:1)
  2 goblins (D:1)
  5 hobgoblins (D:1)
  2 quokkas (D:1)
  5 kobolds (D:1)
  3 rats (D:1)
21 creatures vanquished.

Notes
Turn   | Place    | Note
-------+----------+-------------------------------------------
     0 | D:1      | qw the Spriggan Hunter began the quest for the Orb.
     0 | D:1      | Reached XP level 1. HP: 10/10 MP: 2/2
     0 | D:1      | 0 ||| qw: Version: 0.3-a-155-g5e7d8dd
     0 | D:1      | 0 ||| qw: Game counter: 2192
     0 | D:1      | 0 ||| qw: Melee chars always use a shield: true
     0 | D:1      | 0 ||| qw: God list: Okawaru
     0 | D:1      | 0 ||| qw: Allow faded altars: false
     0 | D:1      | 0 ||| qw: Do Orc after clearing Dungeon:15 true
     0 | D:1      | 0 ||| qw: Do second Lair branch before Depths: true
     0 | D:1      | 0 ||| qw: Lair rune preference: random
     0 | D:1      | 0 ||| qw: Goals: Normal
     0 | D:1      | 0 ||| PLANNING D:1-11
    24 | D:1      | Reached skill level 3 in Dodging
    70 | D:1      | Reached XP level 2. HP: 14/14 MP: 3/3
   393 | D:1      | 393 ||| UPGRADING to +0 cloak.
   398 | D:1      | 398 ||| READING scroll labelled JUNKEZ AHAK.
   399 | D:1      | 399 ||| READING scroll labelled COSABICUOK.
   399 | D:1      | 399 ||| BRANDING +0 shortbow.
   400 | D:1      | 400 ||| READING 4 scrolls labelled EPETOQ YZUKUE.
   400 | D:1      | 400 ||| ENCHANTING +0 cloak.
   401 | D:1      | 401 ||| READING 3 scrolls of enchant armour.
   401 | D:1      | 401 ||| ENCHANTING +1 cloak.
   402 | D:1      | 402 ||| READING 2 scrolls labelled PESATR HUOPN.
   402 | D:1      | 402 ||| IDENTIFYING smoky grey potion
   403 | D:1      | 403 ||| READING scroll of identify.
   403 | D:1      | 403 ||| IDENTIFYING viscous pink potion
   404 | D:1      | 404 ||| READING scroll labelled SAHAHU KUOCKAL.
   405 | D:1      | 405 ||| DROPPING scroll of butterflies.
   406 | D:1      | 406 ||| DROPPING potion of lignification.
   408 | D:1      | 408 ||| Stepping ~*~*~tactically~*~*~ (cloud).
   412 | D:1      | HP: 2/14 [poisoned by you (poison gas)]
   415 | D:1      | Succumbed to their own poison gas

Levels and vault maps discovered:
D:1:      dpeg_arrival_windows_large_door, layout_rooms

Skill      XL: |  1  2 |
---------------+-------+-----
Dodging        | 3 4 |  4.0
Fighting       | |  1.5
Ranged Weapons | |  4.3
Stealth        | |  1.5

Action                     || total
---------------------------++-------
   Fire: Shortbow          ||    49
    Use: Scroll            ||     7
 Armour: Robe              ||     1
  Dodge: Dodged            ||     6

Table legend:
 A = Non-vault XP
 B = Vault XP
 C = Vault XP percentage of total XP
 D = Non-vault monster count
 E = Vault monster count
 F = Vault count percentage of total count
                 A         B        C        D         E       F
            +---------+---------+-------+---------+---------+-------
      Total |      35 |       0 |   0.0 |      21 |       0 |   0.0
            +---------+---------+-------+---------+---------+-------
        D:1 |      35 |       0 |   0.0 |      21 |       0 |   0.0
            +---------+---------+-------+---------+---------+-------
